[Event "Titled Tuesday Blitz May 17 Late 2022"]
[White "Moskalenko, Alexander"]
[Black "Omariev, Maksim"]
[WhiteFideId "4155351"]
[BlackFideId "4193423"]
[WhiteElo "2434"]
[BlackElo "2491"]
[Result "1-0"]
[Round "01"]
[TimeControl "180+1"]
[Date "2022.05.17"]
[WhiteClock "0:02:28"]
[BlackClock "0:01:40"]

1. e4 h5 2. a4 h4 3. a5 c6 4. c4 d5 5. cxd5 cxd5 6. exd5 Qxd5 7. Nc3 Qh5 8. Be2 Qg6 9. Nf3 Qxg2 10. Rg1 Qh3 11. d4 Nf6 12. Qa4+ Bd7 13. Qb3 Bc6 14. d5 Nxd5 15. Nxd5 Bxd5 16. Qxd5 Nc6 17. Qxf7+ Kxf7 18. Ng5+ Kf6 19. Nxh3 e5 20. Bg5+ Kf5 21. Bg4+ Ke4 22. O-O-O Nxa5 23. Rge1# 1-0


[Site "https://www.chess.com"]

[Event "Titled Tuesday Blitz May 17 Late 2022"]
[White "Msellek, Ilyass"]
[Black "Fedoseev, Vladimir"]
[WhiteFideId "675938"]
[BlackFideId "24130737"]
[WhiteElo "2221"]
[BlackElo "2726"]
[Result "0-1"]
[Round "01"]
[TimeControl "180+1"]
[Date "2022.05.17"]
[WhiteClock "0:00:05"]
[BlackClock "0:00:55"]

1. Nf3 d5 2. c4 d4 3. b4 c5 4. e3 dxe3 5. fxe3 cxb4 6. d4 Nf6 7. Bd3 g6 8. O-O Bg7 9. Nbd2 O-O 10. Bb2 Nc6 11. Qe2 Bg4 12. d5 Nb8 13. e4 Nbd7 14. e5 Nh5 15. Qe3 e6 16. h3 Bxf3 17. Nxf3 exd5 18. cxd5 Nb6 19. d6 Nd5 20. Qd4 Nhf4 21. Bc4 Qb6 22. Rad1 Ne3 23. Qxb6 axb6 24. Bb3 Nxf1 25. Kxf1 Ne6 26. Ke2 Ra5 27. Rd5 Nf4+ 0-1


[Site "https://www.chess.com"]

[Event "Titled Tuesday Blitz May 17 Late 2022"]
[White "Nozdrachev, Leonid"]
[Black "Kobo, Ori"]
[WhiteFideId "24113433"]
[BlackFideId "2812320"]
[WhiteElo "2255"]
[BlackElo "2420"]
[Result "1-0"]
[Round "01"]
[TimeControl "180+1"]
[Date "2022.05.17"]
[WhiteClock "0:00:04"]
[BlackClock "0:00:05"]

1. e4 g6 2. f3 c5 3. c3 d5 4. d4 Nc6 5. Be3 Bg7 6. dxc5 Nf6 7. Na3 dxe4 8. Qxd8+ Kxd8 9. O-O-O+ Bd7 10. Bc4 Ne5 11. Bf4 Nxc4 12. Nxc4 Ke8 13. Be5 Rc8 14. b4 Be6 15. Rd4 Rg8 16. Kb2 Rd8 17. Na5 b6 18. Rxd8+ Kxd8 19. Nc6+ Kd7 20. Nxa7 bxc5 21. b5 Ng4 22. Bxg7 Nf2 23. Be5 Nd3+ 24. Kc2 Nxe5 25. fxe4 Kc7 26. Nf3 Nxf3 27. gxf3 Ra8 28. Rb1 Kb6 29. Nc6 Rxa2+ 30. Kd3 Rxh2 31. Nxe7 h5 32. Nd5+ Kb7 33. Kc4 h4 34. Kxc5 h3 35. b6 Ra2 36. Nf4 Bc8 37. Rh1 h2 38. c4 g5 39. Nd3 g4 40. fxg4 Bxg4 41. Ne5 Be6 42. Kd6 Rd2+ 43. Ke7 Re2 44. Nxf7 Rxe4 45. Nd6+ Kxb6 46. Nxe4 Bxc4 47. Rxh2 Bd5 48. Nf6 Kc6 49. Nxd5 Kxd5 50. Kf6 1-0


[Site "https://www.chess.com"]

[Event "Titled Tuesday Blitz May 17 Late 2022"]
[White "Ozates, Tuna"]
[Black "Rasulov, Vugar"]
[WhiteFideId "6354521"]
[BlackFideId "13402390"]
[WhiteElo "1887"]
[BlackElo "2560"]
[Result "0-1"]
[Round "01"]
[TimeControl "180+1"]
[Date "2022.05.17"]
[WhiteClock "0:00:05"]
[BlackClock "0:01:38"]

1. e4 c5 2. Nf3 d6 3. Bb5+ Bd7 4. Bxd7+ Qxd7 5. O-O Nf6 6. Qe2 Nc6 7. Rd1 g5 8. c3 g4 9. Nh4 e6 10. d4 cxd4 11. cxd4 d5 12. exd5 Nxd5 13. Nc3 Rg8 14. Ne4 O-O-O 15. Bg5 Be7 16. Nc5 Bxc5 17. Bxd8 Nxd4 18. Qc4 Qc6 19. Rxd4 Bxd4 20. Qxd4 Rxd8 21. Qxa7 f5 22. a4 Kd7 23. Qd4 Kc7 24. b4 Qc3 25. Qxc3+ Nxc3 26. Kf1 Kb6 27. g3 Rd2 28. Ng2 Ne4 29. Nf4 e5 30. Ne2 h5 31. Ke1 Rb2 32. b5 Ka5 33. Nc1 Nxf2 34. Ra3 Ne4 35. Nd3 Rxh2 36. Nxe5 h4 37. gxh4 Rxh4 38. Ke2 Rh2+ 39. Kf1 g3 40. Nf3 Rf2+ 41. Kg1 f4 42. Rb3 Kxa4 43. Nd4 Rd2 44. Rf3 Rxd4 45. Rxf4 Kxb5 46. Kg2 Kc4 47. Kh3 Nf2+ 48. Kxg3 Rxf4 0-1


[Site "https://www.chess.com"]

[Event "Titled Tuesday Blitz May 17 Late 2022"]
[White "Paravyan, David"]
[Black "Dounis, Alexandros"]
[WhiteFideId "4194985"]
[BlackFideId "4213238"]
[WhiteElo "2569"]
[BlackElo "2204"]
[Result "1-0"]
[Round "01"]
[TimeControl "180+1"]
[Date "2022.05.17"]
[WhiteClock "0:00:14"]
[BlackClock "0:00:11"]

1. e4 e5 2. Nf3 Nc6 3. Nc3 Nf6 4. d4 exd4 5. Nxd4 Bb4 6. Nxc6 bxc6 7. Bd3 d5 8. exd5 O-O 9. O-O Bg4 10. f3 Bh5 11. Bg5 Bxc3 12. bxc3 cxd5 13. c4 dxc4 14. Bxc4 Bg6 15. Bb3 Re8 16. Qxd8 Raxd8 17. Rad1 Kf8 18. Bf4 Rc8 19. Rfe1 Rxe1+ 20. Rxe1 Ne8 21. Kf2 Rd8 22. Re5 Nd6 23. Rc5 Rd7 24. Ba4 Nb7 25. Rc3 Rd4 26. Bc6 Nd6 27. Be3 Rc4 28. Rxc4 Nxc4 29. Bxa7 Bxc2 30. Bc5+ Kg8 31. Ke2 Ne5 32. Bb5 c6 33. Ba6 Ba4 34. Ke3 f6 35. Kd4 Kf7 36. f4 Nd7 37. Bc4+ Ke8 38. Bd6 g6 39. g3 h6 40. Be6 Kd8 41. h4 g5 42. Kc4 gxh4 43. gxh4 Bd1 44. Kb4 Nb6 45. Kc5 Na4+ 46. Kxc6 Nc3 47. f5 Ne4 48. Bf4 Ba4+ 49. Kd5 Nc3+ 50. Kc5 Ne2 51. Bxh6 Ng3 52. Bf4 Nh5 53. Bd6 Bc2 54. Bf7 Ng7 55. h5 Nxf5 56. Bg6 Nh6 57. Bxc2 Kd7 58. Ba4+ Ke6 59. Bb3+ Kf5 60. a4 Kg5 61. a5 Nf7 62. a6 Nd8 63. a7 Nb7+ 64. Kd5 Na5 65. Bd1 Nc6 66. Kxc6 f5 67. a8=Q Kh4 68. Qd8+ Kh3 69. h6 Kg2 70. h7 Kh1 71. Qh4+ Kg2 72. Qg3+ Kf1 73. Bc5 f4 74. Qf2# 1-0


[Site "https://www.chess.com"]

[Event "Titled Tuesday Blitz May 17 Late 2022"]
[White "Ronka, Erik"]
[Black "Kozak, Adam"]
[WhiteFideId "505080"]
[BlackFideId "753246"]
[WhiteElo "2264"]
[BlackElo "2459"]
[Result "0-1"]
[Round "01"]
[TimeControl "180+1"]
[Date "2022.05.17"]
[WhiteClock "0:00:07"]
[BlackClock "0:00:50"]

1. e4 c5 2. Nf3 d6 3. d4 cxd4 4. Nxd4 Nf6 5. Nc3 a6 6. Be3 g6 7. f3 Bg7 8. Qd2 O-O 9. O-O-O Nc6 10. g4 Be6 11. h4 h5 12. gxh5 Nxh5 13. Nxe6 fxe6 14. Bh3 Qd7 15. Na4 Ne5 16. Nb6 Qb5 17. Bxe6+ Kh7 18. Bb3 Nxf3 19. Qg2 Qe5 20. c3 Qxe4 21. Nc4 Nf4 22. Qc2 Qxc2+ 23. Bxc2 Nh5 24. Rhf1 Nxh4 25. Rh1 Nf5 26. Bd2 Bh6 27. Rdf1 Bxd2+ 28. Nxd2 Ng3 29. Rxf8 Rxf8 30. Rg1 Kh6 31. Rg2 d5 32. a4 e5 33. Kd1 e4 34. Ke1 e3 0-1


[Site "https://www.chess.com"]

[Event "Titled Tuesday Blitz May 17 Late 2022"]
[White "Shapiro, David"]
[Black "Oparin, Grigoriy"]
[WhiteFideId "24133523"]
[BlackFideId "24125890"]
[WhiteElo "2300"]
[BlackElo "2665"]
[Result "0-1"]
[Round "01"]
[TimeControl "180+1"]
[Date "2022.05.17"]
[WhiteClock "0:00:07"]
[BlackClock "0:01:25"]

1. d4 Nf6 2. c4 e6 3. Nf3 c5 4. e3 b6 5. Nc3 Bb7 6. Be2 cxd4 7. exd4 Bb4 8. O-O O-O 9. Qc2 d5 10. Bg5 h6 11. Bxf6 Qxf6 12. cxd5 Bxc3 13. bxc3 Bxd5 14. Ne5 Rd8 15. Bf3 Bxf3 16. Nxf3 Nc6 17. Qe4 Rac8 18. Rac1 Na5 19. Ne5 Nc4 20. Nxc4 Rxc4 21. Qb7 Ra4 22. Rc2 Rd5 23. Rd1 Rda5 24. c4 Rxa2 25. Rxa2 Rxa2 26. Qa8+ Kh7 27. Qe4+ g6 28. Qe3 Qf5 29. h3 Qc2 30. Qf3 Kg7 31. d5 exd5 32. cxd5 Ra3 33. Qg4 Ra4 34. Qf3 Rf4 35. Qd3 Qxd3 36. Rxd3 Kf8 37. d6 Ke8 38. Re3+ Kd7 39. Re7+ Kxd6 40. Rxa7 b5 41. g3 Rf5 42. Kg2 b4 43. Rb7 Kc5 44. g4 Rf4 45. Kg3 g5 46. h4 Kc4 47. Rb6 f6 48. Rb8 b3 49. Rh8 b2 0-1


[Site "https://www.chess.com"]

[Event "Titled Tuesday Blitz May 17 Late 2022"]
[White "Shimanov, Aleksandr"]
[Black "Derraugh, Geordie"]
[WhiteFideId "4198603"]
[BlackFideId "2603950"]
[WhiteElo "2605"]
[BlackElo "2116"]
[Result "1-0"]
[Round "01"]
[TimeControl "180+1"]
[Date "2022.05.17"]
[WhiteClock "0:00:52"]
[BlackClock "0:00:18"]

1. e4 c5 2. Nf3 d6 3. d4 cxd4 4. Qxd4 Nc6 5. Bb5 Bd7 6. Qd3 Nf6 7. Bg5 e6 8. Nc3 Qc7 9. O-O-O O-O-O 10. Nd4 Ne5 11. Qe2 a6 12. Bxd7+ Nexd7 13. f4 Be7 14. Kb1 Kb8 15. Rhe1 h6 16. Bh4 Nc5 17. Bf2 Rc8 18. f5 Qa5 19. fxe6 fxe6 20. e5 Nd5 21. Nxd5 exd5 22. Nf5 Bg5 23. Rxd5 Qb4 24. a3 Qf4 25. Nxd6 Rc6 26. Bxc5 Qxh2 27. Nf7 Rhc8 28. Bd6+ Ka8 29. c3 Bh4 30. Red1 Qg3 31. e6 Qg6+ 32. Ka1 Re8 33. Re5 Rcc8 34. Bb4 Bf6 35. Re4 Qf5 36. Nd6 1-0


[Site "https://www.chess.com"]

[Event "Titled Tuesday Blitz May 17 Late 2022"]
[White "Sjugirov, Sanan"]
[Black "Vujic, Mihailo"]
[WhiteFideId "4189302"]
[BlackFideId "918873"]
[WhiteElo "2602"]
[BlackElo "2256"]
[Result "1-0"]
[Round "01"]
[TimeControl "180+1"]
[Date "2022.05.17"]
[WhiteClock "0:01:17"]
[BlackClock "0:00:32"]

1. e4 e5 2. Nf3 Nc6 3. Bb5 f5 4. d3 fxe4 5. dxe4 Nf6 6. O-O Bc5 7. Bxc6 bxc6 8. Nxe5 O-O 9. Nc3 d6 10. Nd3 Bb6 11. Bg5 h6 12. Bxf6 Qxf6 13. Na4 Be6 14. Nxb6 cxb6 15. f3 d5 16. exd5 Bxd5 17. b3 Rae8 18. Qd2 Qg6 19. Kh1 Kh7 20. Rae1 Rxe1 21. Rxe1 Rxf3 22. Ne5 Qe4 23. Nxf3 1-0


[Site "https://www.chess.com"]

[Event "Titled Tuesday Blitz May 17 Late 2022"]
[White "Solon, Nathan"]
[Black "Tang, Andrew"]
[WhiteFideId "2017229"]
[BlackFideId "2059630"]
[WhiteElo "2533"]
[BlackElo "2584"]
[Result "1-0"]
[Round "01"]
[TimeControl "180+1"]
[Date "2022.05.17"]
[WhiteClock "0:00:53"]
[BlackClock "0:01:16"]

1. d4 d5 2. Nc3 Nf6 3. Bf4 e6 4. Nb5 Na6 5. e3 Be7 6. Nf3 O-O 7. Bd3 c5 8. c3 Bd7 9. a4 Bc6 10. Ne5 c4 11. Bc2 Qb6 12. g4 Nd7 13. Nxd7 Bxd7 14. g5 Bxb5 15. axb5 Qxb5 16. Ra2 Rfd8 17. h4 Bd6 18. g6 hxg6 19. h5 Bxf4 20. exf4 gxh5 21. Qxh5 Kf8 22. Qg5 Ke8 23. Ba4 Qxa4 24. Rxa4 Kd7 25. Qxg7 Rf8 26. Rh7 Rae8 27. Qf6 Re7 28. Kd2 Ke8 29. Rh8 Rxh8 30. Qxh8+ Kd7 31. Qa8 Kc7 32. Qxa7 Nb8 33. Rb4 Kc8 34. Qb6 Nc6 35. Ra4 Rc7 36. Ra1 Kd7 37. Rh1 Ke7 38. Qxc7+ 1-0


[Site "https://www.chess.com"]

[Event "Titled Tuesday Blitz May 17 Late 2022"]
[White "Steinberg, Nitzan"]
[Black "Sanchez Alvares, Kelvin Antonio"]
[WhiteFideId "2801795"]
[BlackFideId "3906680"]
[WhiteElo "2471"]
[BlackElo "2193"]
[Result "1-0"]
[Round "01"]
[TimeControl "180+1"]
[Date "2022.05.17"]
[WhiteClock "0:01:11"]
[BlackClock "0:00:18"]

1. e4 c5 2. Nf3 d6 3. d4 cxd4 4. Nxd4 Nf6 5. Nc3 g6 6. Be3 Bg7 7. f3 O-O 8. Qd2 Nc6 9. Bc4 Ne5 10. Be2 Bd7 11. g4 Rc8 12. O-O-O b5 13. Ndxb5 a6 14. Nd4 Nc4 15. Bxc4 Rxc4 16. h4 Qb8 17. h5 Rfc8 18. hxg6 fxg6 19. g5 Nh5 20. Nd5 Rxc2+ 21. Qxc2 Rxc2+ 22. Kxc2 Kf7 23. Rd3 e6 24. Nc3 a5 25. Rhd1 Bf8 26. a4 Qb4 27. Ndb5 d5 28. Rd4 Qc5 29. exd5 exd5 30. Rf4+ Nxf4 31. Bxc5 Bf5+ 32. Kb3 Bxc5 33. Nd4 Bd3 34. Nc6 Bc4+ 35. Kc2 Ke6 36. Nxa5 Ba6 37. Nb3 Be7 38. Nd4+ Ke5 39. Nc6+ Kd6 40. Nxe7 Kxe7 41. Nxd5+ Nxd5 42. Rxd5 Bb7 43. Rd3 Ke6 44. b4 Kf5 45. b5 Kxg5 46. a5 h5 47. a6 Ba8 48. b6 h4 49. b7 1-0


[Site "https://www.chess.com"]

[Event "Titled Tuesday Blitz May 17 Late 2022"]
[White "Svane, Frederik"]
[Black "Saldano Dayer, Horacio"]
[WhiteFideId "12923044"]
[BlackFideId "103411"]
[WhiteElo "2459"]
[BlackElo "2419"]
[Result "1-0"]
[Round "01"]
[TimeControl "180+1"]
[Date "2022.05.17"]
[WhiteClock "0:01:53"]
[BlackClock "0:00:17"]

1. e4 e5 2. Nf3 Nf6 3. Nc3 Nc6 4. h3 g6 5. d4 exd4 6. Nxd4 Bg7 7. Be3 O-O 8. Qd2 Re8 9. O-O-O Nxe4 10. Nxe4 Rxe4 11. Nf3 Qf6 12. c3 d6 13. Bd3 Re8 14. Rhe1 Ne5 15. Nd4 Nxd3+ 16. Qxd3 Bd7 17. Qd2 Qe5 18. Bh6 Bxh6 19. Qxh6 Qxe1 20. Rxe1 Rxe1+ 21. Kc2 Rae8 22. Qf4 R1e5 23. g4 a5 24. Kb3 b5 25. h4 a4+ 26. Ka3 c5 27. Nc2 f5 28. gxf5 1-0


[Site "https://www.chess.com"]

[Event "Titled Tuesday Blitz May 17 Late 2022"]
[White "Tisaj, Domen"]
[Black "Martinez Alcantara, Jose Eduardo"]
[WhiteFideId "14628708"]
[BlackFideId "3805662"]
[WhiteElo "2326"]
[BlackElo "2690"]
[Result "0-1"]
[Round "01"]
[TimeControl "180+1"]
[Date "2022.05.17"]
[WhiteClock "0:00:59"]
[BlackClock "0:01:38"]

1. d4 Nf6 2. c4 e6 3. Nc3 Bb4 4. e3 O-O 5. Ne2 Re8 6. a3 Bf8 7. d5 d6 8. g3 c5 9. Bg2 exd5 10. cxd5 g6 11. O-O Bg7 12. e4 a6 13. a4 Nbd7 14. h3 Rb8 15. a5 b5 16. axb6 Nxb6 17. Qc2 Nfd7 18. f4 c4 19. Be3 Qc7 20. Kh2 Nc5 21. Rad1 Nd3 22. Bd4 Bxd4 23. Nxd4 Bd7 24. Nce2 Nc5 25. f5 Ba4 26. Qc1 Bxd1 27. Rxd1 Nxe4 28. Bxe4 Rxe4 29. f6 Nxd5 30. Rf1 Rbe8 31. Rf2 Nxf6 32. Qh6 Qc5 0-1


[Site "https://www.chess.com"]

[Event "Titled Tuesday Blitz May 17 Late 2022"]
[White "Vasquez Schroeder, Rodrigo"]
[Black "Urbina Perez, Juan Antonio"]
[WhiteFideId "3400042"]
[BlackFideId "2217368"]
[WhiteElo "2567"]
[BlackElo "2192"]
[Result "1-0"]
[Round "01"]
[TimeControl "180+1"]
[Date "2022.05.17"]
[WhiteClock "0:00:38"]
[BlackClock "0:00:01"]

1. e4 d5 2. exd5 Qxd5 3. Nc3 Qd8 4. d4 Nf6 5. Nf3 Bg4 6. h3 Bxf3 7. Qxf3 c6 8. Be3 e6 9. Bd3 Bb4 10. O-O O-O 11. a3 Bxc3 12. bxc3 Nbd7 13. Rfd1 Qe7 14. Bd2 Rac8 15. Re1 Rfe8 16. Qg3 c5 17. a4 b6 18. Ba6 Rcd8 19. Bb5 Rc8 20. Ba6 Rcd8 21. Bf4 Nd5 22. Bg5 f6 23. Bd2 Nb8 24. Bb5 Rf8 25. Bd3 Qd6 26. Qf3 Nc6 27. Qe4 g6 28. Qxe6+ Kg7 29. c4 Ndb4 30. d5 Nd4 31. Qxd6 Rxd6 32. Bxb4 cxb4 33. a5 Rf7 34. axb6 Rxb6 35. c5 Rb8 36. Re4 Nf5 37. d6 b3 38. cxb3 Rxb3 39. Bc4 Rb4 40. Bxf7 Rxe4 41. Rxa7 Re1+ 42. Kh2 Nd4 43. Bd5+ 1-0


[Site "https://www.chess.com"]

[Event "Titled Tuesday Blitz May 17 Late 2022"]
[White "Vusatiuk, Vladimir"]
[Black "Sanal, Vahap"]
[WhiteFideId "14118610"]
[BlackFideId "6300545"]
[WhiteElo "2157"]
[BlackElo "2574"]
[Result "0-1"]
[Round "01"]
[TimeControl "180+1"]
[Date "2022.05.17"]
[WhiteClock "0:00:02"]
[BlackClock "0:01:04"]

1. d4 Nf6 2. c4 e6 3. Nc3 Bb4 4. e3 O-O 5. Bd3 b6 6. Bd2 Bb7 7. Nf3 d6 8. O-O Nbd7 9. b3 e5 10. Nb1 Bxd2 11. Nfxd2 Re8 12. Nc3 Nf8 13. Qc2 Ng6 14. Bxg6 hxg6 15. d5 a5 16. a3 Nh5 17. b4 f5 18. Rad1 Bc8 19. c5 axb4 20. axb4 bxc5 21. bxc5 Ba6 22. Rfe1 Qh4 23. Nf3 Qf6 24. Na2 g5 25. Nb4 Bb5 26. Rb1 g4 27. Nd2 Rf8 28. cxd6 cxd6 29. Nc6 Ba4 30. Qc4 f4 31. Ne4 Qg6 32. Ra1 Bxc6 33. dxc6+ Kh7 34. Rxa8 Rxa8 35. c7 Rc8 36. Rb1 Nf6 37. Nxf6+ gxf6 38. Rb8 d5 39. Qc6 Qd3 40. Qd7+ Kh6 41. h3 g3 42. fxg3 fxg3 0-1


[Site "https://www.chess.com"]

[Event "Titled Tuesday Blitz May 17 Late 2022"]
[White "Yurovskykh, Oleksandr"]
[Black "Svane, Rasmus"]
[WhiteFideId "14134020"]
[BlackFideId "4657101"]
[WhiteElo "2292"]
[BlackElo "2674"]
[Result "0-1"]
[Round "01"]
[TimeControl "180+1"]
[Date "2022.05.17"]
[WhiteClock "0:00:02"]
[BlackClock "0:00:08"]

1. d4 Nf6 2. Nf3 d5 3. c3 e6 4. Bf4 Bd6 5. Bg3 O-O 6. Nbd2 c5 7. e3 Qc7 8. dxc5 Qxc5 9. Bd3 Nbd7 10. Qe2 Rd8 11. e4 dxe4 12. Bxe4 Qc7 13. Bxd6 Qxd6 14. O-O Nc5 15. Bc2 b6 16. Nc4 Ba6 17. b3 Qf4 18. Rfd1 Nd5 19. Qe5 Bxc4 20. bxc4 Qxe5 21. Nxe5 Nxc3 22. Re1 Rd2 23. Rac1 Ne2+ 24. Rxe2 Rxe2 25. Nf3 Ne4 26. Bd3 Rxa2 27. Bxe4 Rc8 28. Bd3 g6 29. g3 Rc5 30. Rb1 Kg7 31. h4 f5 32. Ng5 Rc6 33. Re1 Kf6 34. Nxh7+ Ke7 35. Ng5 Rd2 36. Bf1 a5 37. Nf3 Rdd6 38. Ne5 Rc5 39. Nxg6+ Kf6 40. Nf4 a4 41. Ra1 Ra5 42. Ra3 Rd1 43. Nd3 Rb1 44. Kg2 Rb3 45. Ra2 a3 46. Be2 e5 47. h5 e4 48. Nf4 Rb2 49. Ra1 a2 50. Nd5+ Ke5 51. Bd1 Rb1 52. Rxa2 Rxa2 53. Nc3 Raa1 54. Nxb1 Rxb1 55. Be2 Rb2 56. h6 Kf6 57. h7 Kg7 58. Bh5 Kxh7 59. Bf7 Kg7 60. Bd5 Kf6 61. Kf1 Ke5 62. Bg8 f4 63. gxf4+ Kxf4 64. Bf7 Rc2 65. Ke1 e3 66. fxe3+ Kxe3 67. Kf1 Kd4 68. Ke1 Rxc4 69. Kd2 Rc7 70. Be6 b5 71. Bf5 b4 72. Be6 Rc3 0-1


[Site "https://www.chess.com"]

[Event "Titled Tuesday Blitz May 17 Late 2022"]
[White "Aggelis, Nikolaos"]
[Black "Donchenko, Alexander"]
[WhiteFideId "4213220"]
[BlackFideId "24603295"]
[WhiteElo "2154"]
[BlackElo "2572"]
[Result "0-1"]
[Round "02"]
[TimeControl "180+1"]
[Date "2022.05.17"]
[WhiteClock "0:00:10"]
[BlackClock "0:01:56"]

1. d4 Nf6 2. Nf3 d5 3. c4 e6 4. g3 Bb4+ 5. Nbd2 dxc4 6. Bg2 b5 7. O-O Bb7 8. a4 c6 9. Ne5 a6 10. e3 Nfd7 11. Ndf3 O-O 12. b3 cxb3 13. Qxb3 c5 14. axb5 axb5 15. Rxa8 Bxa8 16. dxc5 Nxe5 17. Nxe5 Bxg2 18. Kxg2 Bxc5 19. Qxb5 Qd5+ 20. Nf3 Rd8 21. e4 Qc6 22. Qxc6 Nxc6 23. Bg5 Rc8 24. Rc1 Bb6 25. Ne5 Na7 26. Rxc8+ Nxc8 27. Nc4 Bc7 28. Be3 h5 29. f3 Ne7 30. h3 Ng6 31. Bb6 Bb8 32. Bd4 f6 33. Be3 Kf7 34. g4 h4 35. Bf2 Nf4+ 36. Kh2 Ne2+ 37. Kg2 g5 38. Bc5 Nf4+ 39. Kf2 Nd3+ 0-1


[Site "https://www.chess.com"]

[Event "Titled Tuesday Blitz May 17 Late 2022"]
[White "Babazada, Khazar"]
[Black "Sargsyan, Anna M."]
[WhiteFideId "13413554"]
[BlackFideId "13308130"]
[WhiteElo "2406"]
[BlackElo "2271"]
[Result "1-0"]
[Round "02"]
[TimeControl "180+1"]
[Date "2022.05.17"]
[WhiteClock "0:00:07"]
[BlackClock "0:00:04"]

1. e4 e5 2. Nf3 Nc6 3. Bb5 a6 4. Ba4 Nf6 5. O-O Nxe4 6. d4 b5 7. Bb3 d5 8. dxe5 Be6 9. c3 Be7 10. Nbd2 O-O 11. Bc2 f5 12. exf6 Nxf6 13. Re1 Bg4 14. h3 Bh5 15. Bf5 Bc5 16. Nb3 Bb6 17. Be3 Ne5 18. Nbd2 Ne4 19. Be6+ Kh8 20. Nxe4 Nxf3+ 21. gxf3 c6 22. Bxb6 Qxb6 23. Ng3 Bxf3 24. Qd4 c5 25. Qh4 Rae8 26. Bg4 Be4 27. Nxe4 dxe4 28. Re3 b4 29. Rae1 bxc3 30. bxc3 Qb2 31. Qg3 Qc2 32. R1e2 Qd1+ 33. Kg2 Qd5 34. Re1 h6 35. Rd1 Qxa2 36. Rd7 Rf7 37. Rxf7 Qxf7 38. Qd6 Rf8 39. Re2 Qf6 40. Qxf6 Rxf6 41. Rxe4 a5 42. Rc4 Ra6 43. Ra4 c4 44. Be2 1-0


[Site "https://www.chess.com"]

[Event "Titled Tuesday Blitz May 17 Late 2022"]
[White "Barp, Alberto"]
[Black "Sjugirov, Sanan"]
[WhiteFideId "872555"]
[BlackFideId "4189302"]
[WhiteElo "2229"]
[BlackElo "2602"]
[Result "0-1"]
[Round "02"]
[TimeControl "180+1"]
[Date "2022.05.17"]
[WhiteClock "0:00:05"]
[BlackClock "0:00:02"]

1. d4 Nf6 2. Nf3 e6 3. Bf4 c5 4. e3 cxd4 5. exd4 b6 6. Nbd2 Bb7 7. Bd3 Be7 8. h3 d6 9. c3 O-O 10. O-O Nbd7 11. Re1 Re8 12. Bh2 Qc7 13. Rc1 a6 14. c4 Bf8 15. b4 Qd8 16. Qb3 a5 17. a3 g6 18. Qb1 axb4 19. axb4 Ra3 20. Bc2 Qa8 21. Bb3 Bh6 22. Rc2 Bxd2 23. Rxd2 Bxf3 24. gxf3 Qxf3 25. Re3 Qa8 26. Rd1 d5 27. c5 b5 28. Bc2 Rxe3 29. fxe3 Nb8 30. Bd3 Qb7 31. Rf1 Ne4 32. Qe1 Nc6 33. Bxe4 dxe4 34. Qh4 f5 35. Ra1 Qe7 36. Qf2 Nxb4 37. Rb1 Nd3 38. Qg3 e5 39. dxe5 Qxc5 40. Kh1 b4 41. Rf1 b3 42. Rxf5 b2 43. Rf1 Qc2 44. Qg1 Rb8 45. e6 b1=Q 46. Bxb8 Qxb8 47. e7 Qcc8 48. Qg5 Qxh3+ 0-1


[Site "https://www.chess.com"]

[Event "Titled Tuesday Blitz May 17 Late 2022"]
[White "Barria Zuniga, Daniel"]
[Black "Andreikin, Dmitry"]
[WhiteFideId "3400816"]
[BlackFideId "4158814"]
[WhiteElo "2414"]
[BlackElo "2736"]
[Result "1-0"]
[Round "02"]
[TimeControl "180+1"]
[Date "2022.05.17"]
[WhiteClock "0:00:09"]
[BlackClock "0:00:05"]

1. c4 Nf6 2. g3 c6 3. Bg2 d5 4. b3 dxc4 5. bxc4 Qd4 6. Nc3 Qxc4 7. Nf3 e6 8. O-O Be7 9. a4 O-O 10. Ba3 Bxa3 11. Rxa3 e5 12. Qa1 Re8 13. d3 Qb4 14. a5 Na6 15. Rb1 Qe7 16. Nd2 h5 17. Nc4 h4 18. Ne4 h3 19. Bf3 Nxe4 20. Bxe4 Nc5 21. Bf3 Bf5 22. a6 Nxa6 23. Rxa6 bxa6 24. Bxc6 e4 25. Bxa8 Rxa8 26. Ne3 Bg6 27. d4 Rd8 28. d5 Qd6 29. Rb7 Qc5 30. Rb1 a5 31. Rc1 Qb5 32. Qd4 Qxe2 33. d6 Kh7 34. Qe5 a4 35. Qe7 Rg8 36. d7 f6 37. d8=Q Rxd8 38. Qxd8 a3 39. Qd1 Qb2 40. Qc2 Qb4 41. Qc3 Qd6 42. Ra1 Qb6 43. Qxa3 Qb5 44. Qxa7 Qb2 45. Qa2 Qe5 46. Qa5 Qd4 47. Rd1 Qb2 48. Qd2 Qb3 49. Qd7 Bh5 50. Qd5 Bxd1 51. Qxd1 Qxd1+ 52. Nxd1 f5 53. f3 exf3 54. Kf2 g5 55. Kxf3 Kg6 56. g4 Kf6 57. Nf2 fxg4+ 58. Kxg4 Kg6 59. Nxh3 1-0


[Site "https://www.chess.com"]

[Event "Titled Tuesday Blitz May 17 Late 2022"]
[White "Bashirli, Nail"]
[Black "Grischuk, Alexander"]
[WhiteFideId "13406809"]
[BlackFideId "4126025"]
[WhiteElo "2333"]
[BlackElo "2762"]
[Result "0-1"]
[Round "02"]
[TimeControl "180+1"]
[Date "2022.05.17"]
[WhiteClock "0:00:02"]
[BlackClock "0:00:37"]

1. e4 e6 2. Qe2 c5 3. c3 Nc6 4. g3 g6 5. Bg2 Bg7 6. f4 d6 7. Nf3 Nge7 8. O-O O-O 9. d3 b5 10. Be3 b4 11. cxb4 Nxb4 12. Nc3 Ba6 13. Rfd1 Rb8 14. Rab1 Qa5 15. Ne1 Nec6 16. a3 Nd4 17. Qf2 Nbc6 18. Nc2 Rb3 19. e5 dxe5 20. Bxc6 Nxc6 21. Bxc5 Rd8 22. Nb4 Bb7 23. Rf1 exf4 24. Ne4 Nxb4 25. axb4 Qc7 26. Nc3 fxg3 27. Qxg3 Qxg3+ 28. hxg3 Rxd3 29. Rbd1 Rd5 30. Nxd5 Bxd5 31. Rfe1 Rxg3+ 32. Kh2 Rg2+ 33. Kh3 Rg5 34. Bxa7 Bxb2 35. Bd4 Bxd4 36. Rxd4 Rf5 37. b5 Rf3+ 38. Kg4 Rb3 39. Kg5 Kg7 40. Rf1 Rxb5 41. Kf4 e5+ 42. Kxe5 Bg2+ 0-1


[Site "https://www.chess.com"]

[Event "Titled Tuesday Blitz May 17 Late 2022"]
[White "Bok, Benjamin"]
[Black "Wieczorek, Oskar"]
[WhiteFideId "1017063"]
[BlackFideId "1133950"]
[WhiteElo "2658"]
[BlackElo "2330"]
[Result "1-0"]
[Round "02"]
[TimeControl "180+1"]
[Date "2022.05.17"]
[WhiteClock "0:01:55"]
[BlackClock "0:01:39"]

1. d4 Nf6 2. c4 c5 3. Nf3 cxd4 4. Nxd4 Nc6 5. Nc3 g6 6. g3 d6 7. Bg2 Bd7 8. O-O h5 9. c5 dxc5 10. Nxc6 bxc6 11. Qa4 Qc8 12. Rd1 Nd5 13. Ne4 e6 14. Bf4 Nxf4 1-0


[Site "https://www.chess.com"]

[Event "Titled Tuesday Blitz May 17 Late 2022"]
[White "Domingo Nunez, Alejandro"]
[Black "Jones, Gawain C B"]
[WhiteFideId "22245561"]
[BlackFideId "409561"]
[WhiteElo "2215"]
[BlackElo "2657"]
[Result "1/2-1/2"]
[Round "02"]
[TimeControl "180+1"]
[Date "2022.05.17"]
[WhiteClock "0:00:09"]
[BlackClock "0:00:07"]

1. c4 e5 2. Nc3 Bb4 3. g3 Bxc3 4. bxc3 d6 5. Bg2 f5 6. Ba3 c5 7. d4 Qa5 8. Qb3 exd4 9. Bb2 Nc6 10. Kf1 Nge7 11. Nf3 O-O 12. cxd4 cxd4 13. Nxd4 f4 14. c5+ d5 15. Bxd5+ Nxd5 16. Qxd5+ Kh8 17. Nxc6 bxc6 18. Bxg7+ Kxg7 19. Qg5+ Kh8 20. Qe5+ Kg8 21. Qg5+ Kf7 22. Qxf4+ Kg6 23. Qe4+ Bf5 24. Qxc6+ Kg7 25. g4 Rac8 26. Qb7+ Kh6 27. gxf5 Qc3 28. Qa6+ Kh5 29. Rd1 Qh3+ 30. Ke1 Rxc5 31. Qd3 Qg2 32. Qf3+ Qxf3 33. exf3 Rc2 34. Rd2 Rc1+ 35. Rd1 Rc2 36. Rd2 Rc3 37. Rg1 Rxf5 38. Ke2 Rcxf3 39. Rg2 a5 40. Rd7 h6 41. Rd4 Ra3 42. Rd2 Ra4 43. Kf1 Rb4 44. h3 Rb1+ 45. Ke2 a4 46. Rd4 Rb2+ 47. Rd2 a3 48. Rg3 Rd5 49. Rxb2 axb2 50. Rb3 Kh4 51. Rxb2 Kxh3 52. a4 Rd4 53. Rb3+ Kg2 54. Ra3 Re4+ 55. Kd3 Re8 56. a5 Kxf2 57. a6 h5 58. Ra2+ Kg3 59. a7 Ra8 60. Ke3 h4 61. Ra6 Kg4 62. Rg6+ Kf5 63. Rg7 h3 64. Kf2 Kf6 65. Rh7 Kg6 66. Rb7 Kf5 67. Kg3 Ke6 68. Kxh3 Kd6 69. Rh7 Kc6 70. Rh6+ Kb7 71. Rh5 Kxa7 72. Rh7+ Kb6 73. Rh6+ Kb7 74. Rh7+ Kc6 75. Rh6+ Kd5 76. Rh5+ Ke4 77. Rb5 Ra4 78. Kg3 Ra1 79. Rb4+ Kd5 80. Rb5+ Kd4 81. Rb4+ Kd5 82. Rf4 Ke5 83. Rb4 Ra3+ 84. Kf2 Ra8 85. Rh4 Kf5 86. Rb4 Ra3 87. Rc4 Rb3 1/2-1/2


[Site "https://www.chess.com"]